Cogmind - Beta 9.2 @@@ ROGUE MODE // 2019.11.24 @ 14:19:25 Player: Fleshy Vegetable Bird Result: Self-destructed Performance ------------- Evolutions (1) 500 Regions Visited (2) 400 Robots Destroyed (15) 75 Value Destroyed (249) 249 Prototype IDs (0) 0 Alien Tech Used (0) 0 Bonus (0) 0 TOTAL SCORE: 1224 Bonus ------- None Cogmind --------- Core Integrity 355/400 Matter 265/300 Energy 125/125 System Corruption 0% Temperature Cool (336) Movement Rolling (90) Ox1 Location -9/Materials Parts ------- > --- POWER (1) -------- Light Ion Engine > --- PROPULSION (2) --- Wheel Wheel > --- UTILITY (4) ------ Small Storage Unit Small Storage Unit Improved Terrain Scanner Medium Armor Plating > --- WEAPON (2) ------- Beam Cannon > --- INVENTORY (8) ---- Ion Engine Faulty Heavy Ion Engine Improved Hover Unit Light Armor Plating Assault Rifle Grenade Launcher Peak State ------------ > --- POWER ------------ Light Ion Engine > --- PROPULSION ------- Wheel Wheel > --- UTILITY ---------- Small Storage Unit Small Storage Unit Improved Terrain Scanner Medium Armor Plating > --- WEAPON ----------- Medium Laser Beam Cannon > --- INVENTORY -------- Ion Engine Heavy Ion Engine Improved Hover Unit Light Armor Plating Assault Rifle Grenade Launcher [Rating: 11] Favorites ----------- Power Light Ion Engine Engine Light Ion Engine Propulsion Wheel Wheel Wheel Utility Small Storage Unit Device Improved Terrain Scanner Storage Small Storage Unit Protection Medium Armor Plating Weapon Medium Laser Energy Gun Medium Laser Energy Cannon Beam Cannon Build | -11 -10 -9 ------- Run | Scr Mat Mat Slots Evolved 2 | . . 2 Power . | . . . Propulsion . | . . . Utility 2 | . . 2 Weapon . | . . . Parts Attached 13 | 7 1 5 Power 1 | 1 . . Engine 1 | 1 . . Core . | . . . Reactor . | . . . Propulsion 5 | 3 . 2 Treads . | . . . Leg . | . . . Wheel 5 | 3 . 2 Hover . | . . . Flight . | . . . Utility 4 | 1 1 2 Device 1 | . . 1 Storage 2 | 1 1 . Processor . | . . . Hackware . | . . . Protection 1 | . . 1 Artifact . | . . . Weapon 3 | 2 . 1 Energy Gun 2 | 2 . . Energy Cannon 1 | . . 1 Ballistic Gun . | . . . Ballistic Cannon . | . . . Launcher . | . . . Special Weapon . | . . . Impact Weapon . | . . . Slashing Weapon . | . . . Piercing Weapon . | . . . Special Melee Weapon . | . . . Unidentified Prototypes . | . . . Parts Lost 2 | . . 2 Power . | . . . Propulsion . | . . . Utility . | . . . Weapon 2 | . . 2 Highest Loss Streak 1 | . . 1 Average Slot Usage (%) 84 | . 87 82 Engine 12 | . 14 11 Wheel 25 | . 28 22 Device 1 | . . 2 Storage 19 | . 16 22 Protection 1 | . . 2 Energy Gun 20 | . 28 12 Energy Cannon 4 | . . 9 Naked Turns . | . . . Heaviest Build 24 | 11 15 24 Greatest Support 26 | 26 20 20 Greatest Overweight (x) 1 | . . 1 Average Overweight (x) . | . . . Largest Inventory Capacity 8 | 6 8 8 Average Capacity 6 | 5 6 8 Most Carried 8 | 6 6 8 Average Carried 6 | 3 5 7 Final Capacity 8 | 6 8 8 Final Carried 6 | 6 6 6 Class Distribution -------------------- 100% | Mutant Dominant Class ---------------- Mutant | -10/Materials Mutant | -9/Materials Resources | -11 -10 -9 ----------- Run | Scr Mat Mat Matter Collected 285 | 270 . 15 Remotely . | . . . Salvage Created 472 | 163 124 185 Parts 37 | 13 6 18 Haulers Intercepted 1 | . 1 . Recyclers Shooed . | . . . Parts Field Recycled . | . . . Retrieved Matter . | . . . Parts Self-Destructed . | . . . Prevented . | . . . Kills | -11 -10 -9 ------- Run | Scr Mat Mat Combat Hostiles Destroyed 8 | . 2 6 Guns 4 | . 1 3 Cannons 3 | . . 3 AOE 1 | . 1 . Classes Destroyed 7 | 2 2 3 Tunneler 4 | 4 . . Hauler 1 | . 1 . Recycler 1 | 1 . . Operator 1 | . . 1 Swarmer 4 | . . 4 Grunt 3 | . 2 1 Sentry 1 | . . 1 Best Kill Streak 5 | 4 2 5 Combat Bots Only 4 | . 2 4 Max Kills in Single Turn 1 | 1 1 1 Gunslinging . | . . . Exploded 1 | . 1 . Melee . | . . . Uniques/NPCs Destroyed . | . . . Combat | -11 -10 -9 -------- Run | Scr Mat Mat Damage Taken 339 | 26 65 248 Core 45 | . . 45 Absorbed by Shields . | . . . Core Remaining (%) 100 | 100 100 . Volleys Fired 42 | 13 7 22 Largest 2 | 2 2 2 Hottest 110 | 90 90 110 Shots Fired 79 | 26 14 39 Gun 59 | 26 14 19 Cannon 20 | . . 20 Launcher . | . . . Special . | . . . Kinetic . | . . . Thermal 58 | 13 7 38 Explosive . | . . . Electromagnetic 21 | 13 7 1 Robot Hit Streak 7 | 3 6 7 Robot Miss Streak 6 | 6 2 5 Penetration Max . | . . . Secondary Targets 1 | . 1 . Max Gunslinging Chain 1 | . 1 . Shots Hit Robots 37 | 11 11 15 Core Hits 19 | 6 5 8 Critical Hits . | . . . Critical Kills . | . . . Critical Parts Destroyed . | . . . Melee Attacks . | . . . Impact . | . . . Slashing . | . . . Piercing . | . . . Sneak Attacks . | . . . Combat Hostiles . | . . . Follow-up Attacks . | . . . Damage Inflicted 627 | 264 167 196 Guns 424 | 220 129 75 Cannons 121 | . . 121 Explosions 82 | 44 38 . Melee . | . . . Ramming . | . . . Kinetic . | . . . Thermal 429 | 157 87 185 Explosive . | . . . Electromagnetic 198 | 107 80 11 Impact . | . . . Slashing . | . . . Piercing . | . . . Highest Corruption . | . . . Average Corruption . | . . . Corruption Purged . | . . . Overload Shots . | . . . Overflow Damage . | . . . Projectiles . | . . . Explosions . | . . . Melee . | . . . Knockbacks . | . . . Impact . | . . . Kinetic . | . . . Secondary . | . . . Self-Inflicted Damage 26 | 26 . . Shots 1 | 1 . . Rammed . | . . . Targets Rammed . | . . . Kicked . | . . . Crushed . | . . . Highest Temperature 336 | 210 156 336 Average Temperature 94 | 82 62 116 Received Heat Transfer 45 | . 36 9 Effects 1 | . . 1 Interference 1 | . . 1 Siege Activations . | . . . Robots Corrupted . | . . . Combat Hostiles . | . . . Parts Fried . | . . . Impact Corruptions . | . . . Robots Melted . | . . . Combat Hostiles . | . . . Parts Melted 1 | . . 1 Heat Transferred 975 | 383 148 444 Parts Sabotaged . | . . . Parts Stolen . | . . . Parts Stripped . | . . . Power Chain Reactions 2 | 1 1 . Missiles Intercepted . | . . . Alert | -11 -10 -9 ------- Run | Scr Mat Mat Peak Influence 283 | 25 93 283 Average Influence 84 | 9 35 164 Maximum Alert Level 1 | . . 1 Low Security (%) 83 | 100 100 60 Level 1 16 | . . 39 Level 2 . | . . . Level 3 . | . . . Level 4 . | . . . Level 5 . | . . . High Security . | . . . Max Security . | . . . Squads Dispatched 2 | . 1 1 Investigation 1 | . 1 . Extermination . | . . . Reinforcement 1 | . . 1 Assault . | . . . Garrison . | . . . Intercept . | . . . Construction Impeded . | . . . Haulers Reinforced . | . . . Stealth | -11 -10 -9 --------- Run | Scr Mat Mat Distress Signals 3 | . 2 1 Communications Jammed . | . . . Distress Signals . | . . . Times Spotted 20 | . 8 12 Peak Tracking Total 5 | . 5 5 Tactical Retreats 3 | . 2 1 Traps | -11 -10 -9 ------- Run | Scr Mat Mat Traps Triggered 1 | . 1 . Indirectly . | . . . Trap Hack Attempts . | . . . Triggered . | . . . Disarmed . | . . . Reprogrammed . | . . . Reused . | . . . Traps Extracted . | . . . Installed . | . . . Triggered . | . . . Machines | -11 -10 -9 ---------- Run | Scr Mat Mat Machines Disabled 1 | . . 1 Max in Single Turn 1 | . . 1 Machines Sabotaged . | . . . Garrisons Compromised . | . . . Overloaded Fab Kills . | . . . Fab Network Shutdowns . | . . . Hacking | -11 -10 -9 --------- Run | Scr Mat Mat Machines Accessed 2 | . 1 1 Terminals 2 | . 1 1 Fabricators . | . . . Repair Stations . | . . . Recycling Units . | . . . Scanalyzers . | . . . Garrison Access . | . . . Total Hacks 8 | . 3 5 Successful 4 | . 1 3 Failed 4 | . 2 2 Catastrophic 1 | . . 1 Database Lockouts . | . . . Manual 8 | . 3 5 Terminals 8 | . 3 5 Fabricators . | . . . Repair Stations . | . . . Recycling Units . | . . . Scanalyzers . | . . . Garrison Access . | . . . Terminal Hacks . | . . . Fabricator Hacks . | . . . Repair Station Hacks . | . . . Recycling Unit Hacks . | . . . Scanalyzer . | . . . Garrison Access Hacks . | . . . Unauthorized Hacks 10 | . 4 6 Terminals 4 | . 1 3 Track 1 | . . 1 Assimilate 1 | . . 1 Botnet 1 | . . 1 Disrupt 1 | . 1 . Fabricators . | . . . Repair Stations . | . . . Recycling Units . | . . . Scanalyzers . | . . . Garrison Access . | . . . Data Cores Recovered . | . . . Used . | . . . Hacking Detections 2 | . 1 1 Full Trace Events . | . . . Feedback Events . | . . . Feedback Blocked . | . . . Robot Schematics Acquired . | . . . Robots Built . | . . . Matter . | . . . Time . | . . . Total Robot Build Rating . | . . . Part Schematics Acquired . | . . . Parts Built . | . . . Matter . | . . . Time . | . . . Total Part Build Rating . | . . . Parts Repaired . | . . . Time . | . . . Parts Recycled . | . . . Recycled Matter . | . . . Retrieved Matter . | . . . Retrieved Components . | . . . Parts Scanalyzed . | . . . Part Schematics Acquired . | . . . Parts Damaged . | . . . Bothacking | -11 -10 -9 ------------ Run | Scr Mat Mat Used RIF Installer . | . . . Robots Hacked . | . . . Non-combat . | . . . Combat . | . . . Robot Hacks Applied . | . . . Relay Couplers Released . | . . . Robots Rewired . | . . . Allies Hacked . | . . . Hacks Repelled . | . . . Allies | -11 -10 -9 -------- Run | Scr Mat Mat Total Allies 1 | . . 1 Largest Group 1 | . . 1 Highest-Rated Group 10 | . . 10 Highest-Rated Ally 10 | . . 10 Total Orders . | . . . Ally Attacks . | . . . Total Damage . | . . . Kills . | . . . Allies Corrupted . | . . . Allies Melted . | . . . Intel | -11 -10 -9 ------- Run | Scr Mat Mat Robot Analysis Total . | . . . Derelict Logs Recovered . | . . . Drone Launches . | . . . Drone Recoveries . | . . . Exploration | -11 -10 -9 ------------- Run | Scr Mat Mat Turns Passed 673 | 114 279 280 Spaces Moved 399 | 65 171 163 Core 10 | 10 . . Treads . | . . . Legs . | . . . Wheels 389 | 55 171 163 Hover . | . . . Flight . | . . . Fastest Speed 50 | 50 80 80 Average Speed 81 | 82 80 81 Slowest Speed 90 | 90 80 90 Overloaded Moves . | . . . Propulsion Burnouts . | . . . Robots Hopped . | . . . Cave-ins Triggered . | . . . Exploration Rate (%) 18 | 4 38 14 Regions Visited 2 Branch Regions . Pre-discovered Areas . | . . . Known Exits Taken . | . . . Unknown Exits Taken 2 | 1 1 . Scrap Searched . | . . . Spaces Dug . | . . . Terrain Destroyed 5 | . 5 . Melee . | . . . Projectile . | . . . AOE 5 | . 5 . Actions | -11 -10 -9 --------- Run | Scr Mat Mat Total 667 | 98 299 270 Wait 189 | . 116 73 Move 397 | 64 170 163 Hop . | . . . Pick Up 21 | 13 3 5 Fast Attach . | . . . Attach 10 | 6 1 3 Detach . | . . . Swap 3 | 1 . 2 Drop 5 | 1 2 2 Fire 42 | 13 7 22 Melee . | . . . Ram . | . . . Kick . | . . . Crush . | . . . Escape Stasis . | . . . Rewire . | . . . Trap . | . . . Miscellaneous . | . . . Route ------- -11/Scrapyard -10/Materials (discovered 2 exits: *Mat / [*Min]) -9/Materials History --------- Turn | Location | Event 2 | -11/Scrapyard | Met Revision 17 10 | -11/Scrapyard | Discovered new exit (range 16) 115 | -11/Scrapyard | Entered Materials 306 | -10/Materials | Build established: Mutant 335 | -10/Materials | Discovered new exit (range 12) 390 | -10/Materials | Discovered new exit (range 3) 394 | -10/Materials | Entered another Materials area 394 | -9/Materials | Evolved 2 slots: Utility x2 674 | -9/Materials | Self-destructed Last Messages --------------- Tracking enabled and active. >>Trojan(Botnet) Trojan loaded successfully. Testing... Terminal linked with 0 systems. Awaiting botnet instructions. 00547_ O-16 Technician: "IFF HANDSHAKE FAILED. SECURING TERMINAL." 00548_ O-16 Technician accesses terminal... 00548_ O-16 Technician IFF database reprogrammed. 00558_ Dropped Wheel. 00559_ Acquired Imp. Hover Unit. 00564_ G-34 Mercenary destroyed. 00565_ Technician 2a reports 0b10 security level has risen to 1. 00603_ Dropped Wheel. 00604_ Acquired Med. Armor Plating. 00637_ Technician 2a reveals location of hidden door. 00656_ S-10 Pest destroyed. 00664_ Emergency Access malfunctions. 00669_ Hadron Collector disabled. 00671_ Med. Laser destroyed. Map ----- +----------------------------------------------------+ | | | | | | | ?????????????????????????????????????????????????? | | ????????????????????????????????########?????????? | | ????????????????????????????????# #?????????? | | ????????????????????????????????# #?????????? | | ????????????????????????????????# =""" #?????????? | | ????????????????????????????????# """ #???#?????? | | ????????????????????????????????# """ #????????#? | | ??????????????????????#??#??????# #?????????? | | ???????????????????????????????#####+###?????????? | | ???????????????????????????????????# #???????????? | | ????????????????????????????????#??# ########??### | | ???????????????????????????????#???# # """ #??# | | ??????????????????#?????#?#?#??????# # """ #### ! | | ???????????????????????#???????????# # """ # # | | ???????????????????????????????????# # # # | | ????????????????????????############ # + + | | ????????????????????????# ## # # # | | ????????????????????????# ## ######## t### | | ????????????????????????# """ o # # | | ?????????????????????#??# """ "" w # | | ????????????????????#???# """ """ # "T" + | | ????????????????????????# " " R" # """ # | | ????????????# ######@* """ # """ #? | | ????????????# / C=% s # """ #? | | ?????????? + ################ = #? | | ???????????????????#????????????#?# [%!#? | | ??????????????????????????????????# #? | | ?????????? ??????##???????????????# # | | ??????????????????????????????????# | | ??????????????????????????????????# ###### | | ??????????????????????????????????# # | | ?????????????????????????? ???????## ##### # T | | ??????????????????????????????? ???# #???# #* | | ???????????????????????? ??????????# #???# =#=% | | ??????????????#????????????????????# #???#%[+%* | | ???????????????????????????"??? ?###+######+#*= | | ?????????????????????????????????# # | | ?????????????????????????????"???# """ # | | ?????????????????????????????????# === """ ###### | | ?????????????????????????????????# === """ %#????? | | ?????????????????????????????????# === *#????? | | ????????????????????????????????##########+####### | | ??????????????????????????# % | | ??????????????????????????/ | | ??????????????????????????# | | ??????????????????????????? ########+######### | | ???????????????????????????#?????????????????????? | +----------------------------------------------------+ Best States ------------- Heat Dissipation 28 Energy Generation 10 Energy Capacity 125 Matter Stores 300 Matter Capacity 300 Sight Range 16 Terrain Scan Range 16 Terrain Scan Density 10 Armor Coverage 225 Evasion (%) 50 Item Schematics ----------------- None Robot Schematics ------------------ None Fabricated ------------ Nothing Alien Tech Used ----------------- None Achievements -------------- None Challenges ------------ None Game ------ Seed SniperImpulseManipulator Manual? 0 Play Time 00:07:41 Cumulative 186.9 hours Start 2019.11.24 @ 14:14:09 End 2019.11.24 @ 14:19:25 Sessions 1 Manual Loads 0 Difficulty Rogue Special Mode None Game No. 259 Rogue 259 Adventurer 0 Explorer 0 Win Type - Total 1 Types 1/0/0/0/0/0/0 Lore% 51 Gallery% 71 Achievement% 48 Wizard Run 0 Options --------- ASCII 0 Keyboard 0 Movement Numpad Keybinds 0 Fullscreen 1 Font 16/Terminus Map View 75x55 Tactical HUD 1 Map Filters NONE Filters NONE Steam 1 RUN: ea268c72-3e56-430d-b94d-e328d895859f